 Dungeon Crawl Stone Soup version 0.30-a0-830-gfe289a77b0 (webtiles) character file.

Game seed: 13368871131862554036

154 BigDaddyOpFi the Trooper (level 5, -16/47 HPs)
             Began as a Hill Orc Fighter on Feb 28, 2023.
             Was an Initiate of Beogh.
             Killed from afar by an oklob plant (26 damage)
             ... with a splash of acid
             ... on level 3 of the Dungeon.
             The game lasted 00:02:31 (2164 turns).

BigDaddyOpFi the Trooper (Hill Orc Fighter)         Turns: 2164, Time: 00:02:31

Health: -16/47     AC:  0    Str: 21    XL:     5   Next: 36%
Magic:  20/20      EV:  8    Int: 14    God:    Beogh [......]
Gold:   183        SH: 10    Dex: 10    Spells: 4/4 levels left

rFire   . . .      SeeInvis .    e - +6 Majin-Bo {spellvamp, MP+6 Int+6}
rCold   . . .      Faith    .    l - +2 kite shield "Qory" {-Tele MP+9 Stlth+}
rNeg    . . .      Spirit   .    b - +1 scale mail
rPois   .          Reflect  .    (no helmet)
rElec   .          Harm     .    (no cloak)
rCorr   .          Rampage  .    (no gloves)
Will    .....      NoTele   +    (no boots)
Stlth   +                        (no amulet)
HPRegen 0.27/turn                (no ring)
MPRegen 0.17/turn                (no ring)

@: mighty, corroded
A: no striking features
a: Renounce Religion


You were on level 3 of the Dungeon.
You worshipped Beogh.
Beogh was noncommittal.
You visited 1 branch of the dungeon, and saw 3 of its levels.

You collected 183 gold pieces.

Inventory:

Hand Weapons
 a - a +1 war axe
 e - the +6 Majin-Bo (weapon) {spellvamp, MP+6 Int+6}
   (You acquired it on level 2 of the Dungeon)

   Int:       It affects your intelligence (+6).
   MP:        It affects your magic capacity (+6).
Armour
 b - a +1 scale mail (worn)
 c - a +0 buckler
 l - the +2 kite shield "Qory" (worn) {-Tele MP+9 Stlth+}
   (You acquired it on level 2 of the Dungeon)

   MP:        It affects your magic capacity (+9).
   -Tele:     It prevents most forms of teleportation.
   Stlth:     It makes you more stealthy.
 n - the +2 robe of Solemn Music {Harm rF- rN++ SInv}
   (You found it on level 2 of the Dungeon)

   rF:        It makes you vulnerable to fire.
   rN:        It greatly protects you from negative energy.
   SInv:      It lets you see invisible.
   Harm:      It increases damage dealt and taken.
Scrolls
 j - 2 scrolls of fog
Potions
 f - 4 potions of curing
 g - a potion of invisibility {unknown}
 h - a potion of mutation
 p - a potion of haste {unknown}


   Skills:
 + Level 4.7 Fighting
 - Level 4.0(4.1) Axes
 + Level 1.0(2.2) Maces & Flails
 + Level 4.2 Armour
 + Level 4.2 Shields


You had 4 spell levels left.
You didn't know any spells.
Your spell library was empty.

Dungeon Overview and Level Annotations

Branches:
Dungeon (3/15)

Altars:
Fedhas

Annotations:
D:3 exclusion: oklob plant


Message History

You hit the dart slug.
You kill the dart slug!
Beogh accepts your kill.
Your base Maces & Flails skill increases to level 1!
No target in view!
You swap places.
Found a club.
No target in view!
You see here a +0 club.
Found a blossoming altar of Fedhas.
An oklob plant comes into view.
Marking area around an oklob plant as unsafe for travelling.
You sock the plant!
The plant begins to die.
The plant is lightly damaged.
You hit the plant.
The plant is lightly damaged.
You thump the plant!
The plant is lightly damaged.
A nearby plant withers and dies.
It was a potion of curing.
You feel better.
You feel very mighty all of a sudden.
You sock the plant!
The plant begins to die.
The plant is lightly damaged.
You sock the plant!
The plant is lightly damaged.
You sock the plant!
The plant is lightly damaged.
A nearby plant withers and dies.
The oklob plant spits acid at you. The splash of acid hits you!
The acid corrodes you! The oklob plant spits acid at you.
The splash of acid hits you!!
* * * LOW HITPOINT WARNING * * *
The acid corrodes you!
You hit the oklob plant.
The oklob plant is lightly damaged.
The oklob plant spits acid at you. The splash of acid hits you!!
Ouch! That really hurt!
You die... ################### .#PPPPP#.P#P#PPP.P♣ PP.#.PPPP♣.♣PP#P.P♣P#

PPPPPP♣..##PP...@.PP#
..PPPPP#.P#P.PPP♣..##
PPP.P#.......♣.PP#.#
♣♣P♣P..~~.~~..P.PP.P#
PPP♣..~≈~.~≈~..♣PPP##
PP♣..~≈≈≈.~≈≈≈..PP♣P#
♣PP.~≈≈~~.~≈≈≈~.PPP.#
♣PP.~≈≈~...~≈~~.PPPP#
#PP.~~≈~._.~≈≈~.P♣PP


You could see an oklob plant.

Vanquished Creatures
  3 gnolls (D:2)
  4 adders
  3 worms (D:2)
  2 dart slugs (D:3)
  6 endoplasms
  18 giant cockroaches
  6 goblins
  5 hobgoblins
  4 jackals (D:2)
  3 kobolds
  2 quokkas
  4 ball pythons
  3 bats
  2 frilled lizards (D:2)
  4 rats
69 creatures vanquished.

Vanquished Creatures (others)
  A hobgoblin (D:3)
  A kobold (D:3)
  2 plants (D:3)
4 creatures vanquished.

Grand Total: 73 creatures vanquished

Notes
Turn   | Place    | Note
-------+----------+-------------------------------------------
     0 | D:1      | BigDaddyOpFi the Hill Orc Fighter began the quest for the
                  | Orb.
     0 | D:1      | Reached XP level 1. HP: 19/19 MP: 1/1
   127 | D:1      | Reached XP level 2. HP: 27/27 MP: 2/2
   675 | D:1      | Reached XP level 3. HP: 33/33 MP: 3/3
   804 | D:2      | Reached XP level 4. HP: 38/40 MP: 4/4
  1076 | D:2      | Identified the +2 robe of Solemn Music {Harm rF- rN++ SInv}
  1143 | D:2      | Identified 2 scrolls of acquirement
  1143 | D:2      | Acquired the +6 Majin-Bo {spellvamp, MP+6 Int+6}
  1143 | D:2      | Found the +6 Majin-Bo {spellvamp, MP+6 Int+6}
  1398 | D:2      | Reached XP level 5. HP: 41/47 MP: 5/5
  1416 | D:2      | Acquired the +2 kite shield "Qory" {-Tele MP+9 Stlth+}
  2063 | D:3      | Became a worshipper of Beogh the Brigand
  2092 | D:3      | Reached skill level 1 in Maces & Flails
  2122 | D:3      | Found a blossoming altar of Fedhas.
  2148 | D:3      | Noticed an oklob plant
  2164 | D:3      | Killed from afar by an oklob plant

Illustrated notes

Levels and vault maps discovered:
D:1:      nzn_arrival_water_spiral, layout_basic
D:2:      minmay_roachtagon, layout_rooms, dreamdust_princess_bridge
D:3:      layout_loops_ring, tgw_fedhas, uniq_terence

Skill      XL: |  1  2  3  4  5 |
---------------+----------------+-----
Axes           | 3 4 |  4.0
Fighting       | 4 |  4.7
Armour         | 4 |  4.2
Shields        | 4 |  4.2
Maces & Flails | 1 |  1.0

Action                     |  1- 3 |  4- 6 || total
---------------------------+-------+-------++-------
  Melee: War axe           |    82 |    57 ||   139
         Staff             |       |    43 ||    43
 Invoke: Convert to Beogh  |       |     1 ||     1
    Use: Scroll            |       |    10 ||    10
         Potion            |       |     2 ||     2
 Armour: Scale mail        |    53 |    49 ||   102
  Dodge: Dodged            |    32 |    36 ||    68
  Block: Buckler           |    14 |    17 ||    31
         Kite shield       |       |     6 ||     6

Table legend: (Time is in decaauts)
 A = Elapsed time spent in this place.
 B = Non-inter-level travel time spent in this place.
 C = Inter-level travel time spent in this place.
 D = Time resting spent in this place.
 E = Time spent auto-exploring this place.
 F = Levels seen in this place.
 G = Mean time per level.
                   A        B        C        D        E       F      G
               +--------+--------+--------+--------+--------+-----+--------+
         Total |   2227 |   2207 |     20 |    550 |   1221 |   3 |  742.3 |
       Dungeon |   2227 |   2207 |     20 |    550 |   1221 |   3 |  742.3 |
               +--------+--------+--------+--------+--------+-----+--------+

Top non-repeatable levels by time:
     D:2: 1253 daAuts
     D:1: 727 daAuts
     D:3: 246 daAuts
